 Dungeon Crawl Stone Soup version 0.27-a0-887-gcab673c142 (webtiles) character file.

Game seed: 18173625825881334158

2504 timneilson the Protected (level 9, -3/55 HPs)
             Began as a Gargoyle Fighter on Apr 5, 2021.
             Was an Initiate of Okawaru.
             Slain by an ogre
             ... wielding a +0 giant club
              (19 damage)
             ... on level 7 of the Dungeon.
             The game lasted 00:10:06 (7881 turns).

timneilson the Protected (Gargoyle Fighter)         Turns: 7881, Time: 00:10:07

Health: -3/55      AC: 18    Str: 24    XL:     9   Next: 53%
Magic:  9/9        EV:  7    Int: 12    God:    Okawaru [......]
Gold:   1935       SH: 17    Dex:  9    Spells: 8/8 levels left

rFire    . . .     SeeInvis .   a - +0 long sword
rCold    . . .     Faith    .   c - +1 kite shield
rNeg     + . .     Spirit   .   m - +0 chain mail
rPois    ∞         Reflect  +   (no helmet)
rElec    +         Harm     .   (no cloak)
rCorr    .         Rampage  .   (no gloves)
Will     .....                  (no boots)
Stlth    ..........             j - amulet of Conguakh {Reflect Int+4 SH+5}
HPRegen  0.18/turn              (no ring)
MPRegen  0.11/turn              (no ring)

@: studying Armour
A: AC +6, negative energy resistance 1, electricity resistance, torment
resistance 1, unbreathing 1, petrification resistance
a: Renounce Religion


You were on level 7 of the Dungeon.
You worshipped Okawaru.
Okawaru was noncommittal.
You visited 2 branches of the dungeon, and saw 8 of its levels.

You collected 1935 gold pieces.

Inventory:

Hand Weapons
 a - a +0 long sword (weapon)
Armour
 c - a +1 kite shield (worn)
 m - a +0 chain mail (worn)
 r - the +7 plate armour "Doypoant" {rF- Will+++ Int+6}
   (You found it on level 6 of the Dungeon)

   It affects your intelligence (+6).
   It makes you vulnerable to fire.
   It greatly increases your willpower.
Jewellery
 j - the amulet of Conguakh (around neck) {Reflect Int+4 SH+5}
   (You acquired it on level 4 of the Dungeon)

   [amulet of reflection]

   It reflects blocked missile attacks.
   It affects your intelligence (+4).
   It affects your SH (+5).
 n - the ring "Wuadu" {Fly rPois rF- rC+ Dex+3}
   (You found it on level 5 of the Dungeon)

   [ring of flight]

   It affects your dexterity (+3).
   It makes you vulnerable to fire.
   It protects you from cold.
   It protects you from poison.
   It grants you flight.
 p - a ring of ice
Wands
 d - a wand of mindburst (14)
 i - a wand of digging (6)
 s - a wand of charming (7)
Scrolls
 f - 4 scrolls of teleportation
 l - 3 scrolls of enchant armour
 o - a scroll of brand weapon {unknown}
Potions
 b - 3 potions of cancellation
 e - 2 potions of attraction
 g - a potion of flight
 h - a potion of brilliance
 k - 3 potions of curing


   Skills:
 + Level 5.8 Fighting
 * Level 6.1 Long Blades
 * Level 10.0 Armour
 * Level 7.8 Shields
 + Level 0.5 Invocations
 + Level 3.1 Evocations


You had 8 spell levels left.
You didn't know any spells.
Your spell library contained the following spells:

 Spells                   Type           Power      Damage    Failure   Level
 Corona                   Hex            0%         N/A       99%         1
 Magic Dart               Conj           0%         1d3       99%         1
 Blink                    Tloc           N/A        N/A       100%        2
 Call Imp                 Summ           0%         N/A       100%        2
 Slow                     Hex            0%         N/A       100%        2
 Conjure Flame            Conj/Fire      0%         6-21      100%        3
 Inner Flame              Hex/Fire       0%         N/A       100%        3
 Mephitic Cloud           Conj/Pois/Air  0%         N/A       100%        3
 Portal Projectile        Hex/Tloc       0%         N/A       100%        3
 Cause Fear               Hex            0%         N/A       100%        4
 Leda's Liquefaction      Hex/Erth       0%         N/A       100%        4


Dungeon Overview and Level Annotations

Branches:
Dungeon (7/15)             Temple (1/1) D:7

Altars:
Ashenzari
Cheibriados
Dithmenos
Fedhas
Hepliaklqana
Kikubaaqudgha
Makhleb
Nemelex Xobeh
Okawaru
Qazlal
Ru
Trog
Uskayaw
Vehumet
Xom
Yredelemnul
The Shining One

Shops:
D:3 (((!

Annotations:
D:3 2 transporters
D:7 Joseph


Innate Abilities, Weirdness & Mutations

Your stone body is resilient. (AC +6)
You are immune to poison.
You resist negative energy. (rN+)
You are resistant to electric shocks. (rElec)
You are resistant to unholy torment.
You can survive without breathing.
You are immune to petrification.


Message History

You block Joseph's attack. You block the ogre's attack.
Unknown command.
You hit the ogre.
The ogre is lightly wounded.
Joseph hits you but does no damage. You block the ogre's attack.
You hit the ogre.
The ogre is lightly wounded.
You block Joseph's attack. The ogre hits you but does no damage.
You hit the ogre but do no damage.
The ogre is lightly wounded.
You block Joseph's attack. You block the ogre's attack.
You block Joseph's attack.
You hit the ogre.
The ogre is moderately wounded.
Joseph hits you but does no damage. The ogre hits you with a +0 giant club!
You slash the ogre!
The ogre is severely wounded.
You block Joseph's attack. You block the ogre's attack.
You barely miss the ogre.
The ogre is severely wounded.
Joseph hits you but does no damage. The ogre barely misses you.
You completely miss the ogre.
The ogre is severely wounded.
You block Joseph's attack. Joseph hits you but does no damage.
You block the ogre's attack.
You barely miss the ogre.
The ogre is severely wounded.
You block Joseph's attack.
You closely miss the ogre.
The ogre is severely wounded.
The ogre hits you with a +0 giant club. You block Joseph's attack.
You hit the ogre but do no damage.
The ogre is severely wounded.
You block the ogre's attack. Joseph hits you with a +0 quarterstaff!
* * * LOW HITPOINT WARNING * * *
You slash the ogre!
The ogre is almost dead.
You block Joseph's attack.
The ogre hits you with a +0 giant club!!
You die...

#..#.#.# #...... ...#.#.# #......
.<.#.#.#######. . #####......
####.....##... .# ##...#...... ##
#.#.##.# #.# ##...........
.#####......##..# #..>.........
...............####.#...........>
..#####......###@...#......".....
.###.......#.##.@# ##.........#.
.....####......O## #.........##.
.##### ####....# ...####.####. .#
#.#..# .. #.# #.. .# #<#..# #
#.###.# .# #...... #.....# .#
...##.... #.##### ## #.#.
.#.....####.# # .... ....
#......#


You could see Joseph and an ogre.

Vanquished Creatures
  An ugly thing (D:7)
  A wraith (D:6)
  A water moccasin (D:6)
  Duvessa (D:4)
  A sky beast (D:7)
  An orc warrior (D:6)
  3 ice beasts
  2 ogres
  2 necrophages
  2 phantoms
  A scorpion (D:6)
  A gnoll sergeant (D:5)
  Dowan (D:4)
  A wyvern skeleton (D:7)
  A bullfrog zombie (D:6)
  2 hounds
  A gnoll shaman (D:7)
  A centaur skeleton (D:6)
  An iguana (D:6)
  2 orc wizards
  A scorpion zombie (D:5)
  A hound skeleton (D:4)
  8 gnolls
  3 howler monkey skeletons
  7 adders
  A shadow imp (D:6)
  2 white imps
  An ufetubus (D:5)
  An adder skeleton (D:4)
  4 worms
  2 dart slugs
  14 orcs
  4 endoplasms
  3 giant cockroaches
  2 goblins
  6 hobgoblins
  8 jackals
  7 kobolds
  3 quokkas
  5 ball pythons
  8 bats
  3 frilled lizards
  3 rats
124 creatures vanquished.

Notes
Turn   | Place    | Note
-------+----------+-------------------------------------------
     0 | D:1      | timneilson the Gargoyle Fighter began the quest for the
                  | Orb.
     0 | D:1      | Reached XP level 1. HP: 14/14 MP: 1/1
   248 | D:1      | Reached XP level 2. HP: 19/19 MP: 2/2
   558 | D:1      | Reached XP level 3. HP: 17/23 MP: 3/3
  1043 | D:2      | HP: 1/23 [worm (3)]
  2067 | D:2      | Identified a scroll of acquirement
  2067 | D:2      | Acquired 622 gold pieces
  2104 | D:3      | Reached XP level 4. HP: 22/28 MP: 4/4
  2107 | D:3      | Reached skill level 4 in Armour
  2220 | D:3      | Found Epiqozif's Distillery.
  2451 | D:3      | Found a transporter.
  2519 | D:3      | Found Cefaaz's Antique Weapon Shoppe.
  2537 | D:3      | Found a transporter.
  2723 | D:3      | Found Utoy's Weapon Boutique.
  2798 | D:3      | Found a blossoming altar of Fedhas.
  2883 | D:3      | Found Sehexte's Weapon Boutique.
  3088 | D:3      | You fall into a shaft and drop 1 floor!
  3107 | D:4      | Reached XP level 5. HP: 31/33 MP: 5/5
  3412 | D:4      | Acquired a manual of Armour
  3414 | D:4      | Acquired the amulet of Conguakh {Reflect Int+4 SH+5}
  3416 | D:4      | Acquired 1057 gold pieces
  3498 | D:4      | Noticed Duvessa
  3500 | D:4      | Noticed Dowan
  3507 | D:4      | Killed Duvessa
  3508 | D:4      | Reached skill level 5 in Armour
  3508 | D:4      | Reached XP level 6. HP: 17/38 MP: 6/6
  3519 | D:4      | HP: 1/38 [Dowan/+0 dagger (4)]
  3522 | D:4      | Killed Dowan
  3824 | D:4      | Reached skill level 5 in Shields
  4160 | D:4      | Found a shadowy altar of Dithmenos.
  4468 | D:5      | Entered Level 5 of the Dungeon
  4727 | D:5      | Reached skill level 6 in Armour
  4727 | D:5      | Reached XP level 7. HP: 27/43 MP: 7/7
  4922 | D:5      | Identified the ring "Wuadu" {Fly rPois rF- rC+ Dex+3}
  4951 | D:5      | Found a sacrificial altar of Ru.
  5313 | D:5      | Reached skill level 1 in Evocations
  5826 | D:6      | Reached skill level 7 in Armour
  5838 | D:6      | Reached XP level 8. HP: 17/48 MP: 8/8
  6202 | D:6      | Identified the +7 plate armour "Doypoant" {rF- Will+++
                  | Int+6}
  6237 | D:6      | Reached skill level 5 in Fighting
  6237 | D:6      | Reached skill level 8 in Armour
  6343 | D:6      | Noticed a wraith
  6378 | D:6      | Killed a wraith
  6379 | D:6      | Reached skill level 5 in Long Blades
  6960 | D:7      | Identified the +3 robe "Baofemm" {rF+ rN+ Will+ Dex-5}
  7021 | D:7      | Reached skill level 9 in Armour
  7021 | D:7      | Reached XP level 9. HP: 48/54 MP: 9/9
  7361 | D:7      | Noticed a cyan ugly thing
  7363 | D:7      | Found a staircase to the Ecumenical Temple.
  7394 | D:7      | Killed a cyan ugly thing
  7412 | Temple   | Entered the Ecumenical Temple
  7633 | Temple   | Became a worshipper of Warmaster Okawaru
  7777 | D:7      | Reached skill level 10 in Armour
  7864 | D:7      | Noticed Joseph
  7881 | D:7      | Slain by an ogre

Illustrated notes

Levels and vault maps discovered:
D:1:      dpeg_arrival_erosion, layout_loops_ring
D:2:      layout_basic
D:3:      gammafunk_steamed_eel, layout_loops_corners, fedhas_altar_fruit_tree,
          serial_shops, nicolae_shop_statue_plus, nicolae_shop_trees,
          nicolae_shop_behind_doors, nicolae_shop_behind_doors
D:4:      layout_basic, nicolae_dithmenos_through_a_glass_darkly, uniq_duvessa
D:5:      layout_loops_ring, nicolae_ru_sacrificial_ziggurat
D:6:      layout_basic, minmay_checkerbox
D:7:      layout_rooms, minmay_temple_entry_drinking_statues,
          eino_small_chamber_without_monster, uniq_joseph
Temple:   eino_temple_lava

Skill      XL: |  1  2  3  4  5  6  7  8  9 |
---------------+----------------------------+-----
Long Blades    | 2 3 4 5 6 |  6.1
Shields        | 4 5 6 7 |  7.8
Armour         | 4 5 6 7 9 10 | 10.0
Fighting       | 4 5 |  5.8
Evocations     | 1 2 3 |  3.1
Invocations    | |  0.5

Action                   |  1- 3 |  4- 6 |  7- 9 || total
-------------------------+-------+-------+-------++-------
Melee: Long sword        |   113 |   193 |   394 ||   700
  Use: Scroll            |     7 |     7 |     2 ||    16
       Potion            |     1 |     3 |     1 ||     5
Armor: Scale mail        |    64 |   106 |       ||   170
       Chain mail        |       |    16 |   169 ||   185
Dodge: Dodged            |    42 |    51 |    70 ||   163
Block: Kite shield       |    75 |   140 |   356 ||   571
       Reflection        |       |       |     2 ||     2
       Rpst.: Long sword |    15 |    21 |    18 ||    54

Table legend: (Time is in decaauts)
 A = Elapsed time spent in this place.
 B = Non-inter-level travel time spent in this place.
 C = Inter-level travel time spent in this place.
 D = Time resting spent in this place.
 E = Time spent auto-exploring this place.
 F = Levels seen in this place.
 G = Mean time per level.
                   A        B        C        D        E       F      G
               +--------+--------+--------+--------+--------+-----+--------+
         Total |   8150 |   8021 |    129 |    462 |   6076 |   8 | 1018.8 |
       Dungeon |   7883 |   7763 |    120 |    462 |   5823 |   7 | 1126.1 |
        Temple |    267 |    258 |      9 |      0 |    253 |   1 |  267.0 |
               +--------+--------+--------+--------+--------+-----+--------+

Top non-repeatable levels by time:
     D:6: 1411 daAuts
     D:4: 1411 daAuts
     D:3: 1238 daAuts
     D:2: 1124 daAuts
     D:1: 1022 daAuts
     D:5: 944 daAuts
     D:7: 730 daAuts
  Temple: 267 daAuts
